 Dungeon Crawl Stone Soup version 0.21.1-1-g345015f (webtiles) character file.

130 relionnb the Insei (level 5, 0/40 HPs)
             Began as a Gnoll Transmuter on Mar 2, 2018.
             Slain by a jackal (1 damage)
             ... on level 2 of the Dungeon.
             The game lasted 00:18:13 (1929 turns).

relionnb the Insei (Gnoll Transmuter)               Turns: 1929, Time: 00:18:14

Health: 0/40       AC:  0    Str: 12    XL:     5   Next: 13%
Magic:  10/12      EV: 15    Int: 15    God:
Gold:   55         SH:  0    Dex: 17    Spells: 11/14 levels left

rFire    . . .     SeeInvis .   q - +0 short sword
rCold    . . .     Gourm    .   (no shield)
rNeg     . . .     Faith    .   (no armour)
rPois    .         Spirit   .   (no helmet)
rElec    .         Reflect  .   (no cloak)
rCorr    .         Harm     .   (no gloves)
MR       .....                  (no boots)
Stlth    ++........             (no amulet)
HPRegen  0.13/turn              (no ring)
MPRegen  0.13/turn              (no ring)

@: slowed, very slow
A: distributed training, fangs 1, strong nose
a: no special abilities


You were on level 2 of the Dungeon.
You were not hungry.

You visited 1 branch of the dungeon, and saw 2 of its levels.

You collected 55 gold pieces.

Inventory:

Hand Weapons
 f - a cursed -3 short sword
 m - a +1 dagger of speed
 n - a +0 whip
 p - a +0 short sword
 q - a +0 short sword (weapon)
 z - a cursed +0 spear
 A - a +0 hunting sling
Missiles
 a - 10 arrows
 g - 88 stones (quivered)
 h - 39 bolts
Armour
 b - a +0 robe
 i - a +0 chain mail
 j - a +0 chain mail
 o - a +0 robe
 t - a +0 scale mail
Wands
 u - a wand of paralysis (13)
 v - a wand of flame (29)
Scrolls
 r - a scroll of immolation
 w - a scroll of remove curse
 x - 4 scrolls of identify
 y - a scroll of teleportation {unknown}
Potions
 e - a potion of flight {unknown}
 k - a potion of cancellation {unknown}
 l - 3 potions of curing {unknown}
 s - a potion of might {unknown}
Books
 c - a book of Changes

   Spells                             Type                      Level
   a - Beastly Appendage              Transmutation                1
   b - Sticks to Snakes               Transmutation                2
   c - Spider Form                    Transmutation/Poison         3
   d - Ice Form                       Ice/Transmutation            4
   e - Blade Hands                    Transmutation                5
Comestibles
 d - a ration


   Skills:
 + Level 2.9 Fighting
 + Level 1.3 Short Blades
 + Level 1.3 Long Blades
 + Level 1.3 Axes
 + Level 1.3 Maces & Flails
 + Level 1.3 Polearms
 + Level 1.3 Staves
 + Level 1.3 Slings
 + Level 1.3 Bows
 + Level 1.3 Crossbows
 + Level 1.3 Throwing
 + Level 1.3 Armour
 + Level 4.7 Dodging
 + Level 1.3 Stealth
 + Level 1.3 Shields
 + Level 6.6 Unarmed Combat
 + Level 5.1 Spellcasting
 + Level 1.1 Conjurations
 + Level 1.1 Hexes
 + Level 1.1 Charms
 + Level 1.1 Summonings
 + Level 1.1 Necromancy
 + Level 1.1 Translocations
 + Level 3.9 Transmutations
 + Level 1.1 Fire Magic
 + Level 1.1 Ice Magic
 + Level 1.1 Air Magic
 + Level 1.1 Earth Magic
 + Level 1.1 Poison Magic
 + Level 1.5 Invocations
 + Level 1.3 Evocations


You had 11 spell levels left.
You knew the following spells:

 Your Spells              Type           Power        Failure   Level  Hunger
a - Beastly Appendage     Tmut           ###...       3%          1    None
b - Sticks to Snakes      Tmut           ###.....     4%          2    ##.....


Dungeon Overview and Level Annotations

Branches:
Dungeon (2/15)

Altars:


Innate Abilities, Weirdness & Mutations

Your experience applies equally to all skills.
You have very sharp teeth.
Your uncanny sense of smell can sniff out nearby items.


Message History

The jackal bites you.
* * * LOW HITPOINT WARNING * * *
Okay, then.
Okay, then.
Casting: Beastly Appendage
Confirm with . or Enter, or press ? or * to list all spells.
You create a snake!
You now have 10 arrows.
The jackal barely misses you. The jackal bites you.
* * * LOW HITPOINT WARNING * * *
You hit the jackal.
The jackal is heavily wounded.
The jackal barely misses you.
Your ball python barely misses the jackal.
Your ball python closely misses the jackal.
The jackal closely misses you.
You barely miss the jackal.
The jackal is heavily wounded.
Your ball python closely misses the jackal. x2
The jackal bites you.
You die...

#..........#
#..........#
#..........#
#.#.....#..#
#.##...##..#
#.###.###..# #
......# #..#
#.#.# #######
#..#######h....#
# #.......@hh..#
# ##.#######S###
# #.# # # #.# #
#.# # #.. # ###
# #


You could see 3 jackals and a friendly ball python.

Vanquished Creatures
  Jessica (D:2)
  Terence (D:2)
  Natasha (D:2)
  2 adders (D:2)
  2 worms (D:2)
  A dart slug (D:2)
  A hobgoblin (D:1)
  5 jackals
  5 kobolds (D:1)
  5 bats
  2 frilled lizards
  5 goblins
  4 rats
35 creatures vanquished.

Notes
Turn   | Place    | Note
-------+----------+-------------------------------------------
     0 | D:1      | relionnb the Gnoll Transmuter began the quest for the Orb.
     0 | D:1      | Reached XP level 1. HP: 17/17 MP: 6/6
   129 | D:1      | Reached XP level 2. HP: 23/23 MP: 7/7
   880 | D:1      | Learned a level 2 spell: Sticks to Snakes
   885 | D:1      | You fall through a shaft!
   936 | D:2      | Reached skill level 5 in Spellcasting
   936 | D:2      | Reached XP level 3. HP: 18/28 MP: 7/9
  1138 | D:2      | Noticed Terence
  1173 | D:2      | Killed Terence
  1173 | D:2      | Reached skill level 1 in Short Blades
  1173 | D:2      | Reached skill level 1 in Long Blades
  1173 | D:2      | Reached skill level 1 in Axes
  1173 | D:2      | Reached skill level 1 in Maces & Flails
  1173 | D:2      | Reached skill level 1 in Polearms
  1173 | D:2      | Reached skill level 1 in Staves
  1173 | D:2      | Reached skill level 1 in Slings
  1173 | D:2      | Reached skill level 1 in Bows
  1173 | D:2      | Reached skill level 1 in Crossbows
  1173 | D:2      | Reached skill level 1 in Throwing
  1173 | D:2      | Reached skill level 1 in Armour
  1173 | D:2      | Reached skill level 1 in Stealth
  1173 | D:2      | Reached skill level 1 in Shields
  1173 | D:2      | Reached skill level 1 in Invocations
  1173 | D:2      | Reached skill level 1 in Evocations
  1173 | D:2      | Reached XP level 4. HP: 31/34 MP: 7/11
  1336 | D:2      | Noticed Jessica
  1350 | D:2      | Killed Jessica
  1376 | D:2      | Reached skill level 1 in Conjurations
  1376 | D:2      | Reached skill level 1 in Hexes
  1376 | D:2      | Reached skill level 1 in Charms
  1376 | D:2      | Reached skill level 1 in Summonings
  1376 | D:2      | Reached skill level 1 in Necromancy
  1376 | D:2      | Reached skill level 1 in Translocations
  1376 | D:2      | Reached skill level 1 in Fire Magic
  1376 | D:2      | Reached skill level 1 in Ice Magic
  1376 | D:2      | Reached skill level 1 in Air Magic
  1376 | D:2      | Reached skill level 1 in Earth Magic
  1376 | D:2      | Reached skill level 1 in Poison Magic
  1897 | D:2      | Noticed Natasha
  1922 | D:2      | Killed Natasha
  1922 | D:2      | Reached XP level 5. HP: 9/40 MP: 12/12
  1926 | D:2      | HP: 2/40 [jackal (3)]
  1929 | D:2      | Slain by a jackal

Skill      XL: |  1  2  3  4 |
---------------+-------------+-----
Spellcasting   | 5 |  5.1
Short Blades   | 1 |  1.3
Long Blades    | 1 |  1.3
Axes           | 1 |  1.3
Maces & Flails | 1 |  1.3
Polearms       | 1 |  1.3
Staves         | 1 |  1.3
Slings         | 1 |  1.3
Bows           | 1 |  1.3
Crossbows      | 1 |  1.3
Throwing       | 1 |  1.3
Armour         | 1 |  1.3
Stealth        | 1 |  1.3
Shields        | 1 |  1.3
Invocations    | 1 |  1.5
Evocations     | 1 |  1.3
Conjurations   | 1 |  1.1
Hexes          | 1 |  1.1
Charms         | 1 |  1.1
Summonings     | 1 |  1.1
Necromancy     | 1 |  1.1
Translocations | 1 |  1.1
Fire Magic     | 1 |  1.1
Ice Magic      | 1 |  1.1
Air Magic      | 1 |  1.1
Earth Magic    | 1 |  1.1
Poison Magic   | 1 |  1.1
Fighting       | |  2.9
Dodging        | |  4.7
Unarmed Combat | |  6.6
Transmutations | |  3.9

Action                   |  1- 3 |  4- 6 || total
-------------------------+-------+-------++-------
Melee: Unarmed           |    36 |       ||    36
       Short sword       |    73 |    81 ||   154
       Bite              |     9 |    11 ||    20
       Punch             |     3 |     2 ||     5
       Kick              |     1 |       ||     1
       Headbutt          |       |     2 ||     2
 Cast: Beastly Appendage |     2 |     1 ||     3
       Sticks to Snakes  |     1 |     1 ||     2
  Use: Scroll            |     6 |       ||     6
  Eat: Ration            |     1 |       ||     1
Armor: Robe              |     3 |       ||     3
       Scale mail        |    34 |       ||    34
       Chain mail        |       |    43 ||    43
Dodge: Dodged            |    65 |    37 ||   102
